 Dungeon Crawl Stone Soup version 0.29.1-15-g9cfb28693d (webtiles) character file.

Game seed: 8968105187381289843

105 JCM9229 the Trooper (level 4, -2/41 HPs)
             Began as a Minotaur Abyssal Knight on Feb 1, 2023.
             Was a Priest of Lugonu.
             Killed from afar by an electric eel (13 damage)
             ... with a bolt of electricity
             ... on level 3 of the Dungeon on Apr 10, 2023.
             The game lasted 00:21:53 (2867 turns).

JCM9229 the Trooper (Minotaur Abyssal Knight)       Turns: 2867, Time: 00:21:54

Health: -2/41      AC:  4    Str: 20    XL:     4   Next: 53%
Magic:  0/4        EV: 11    Int:  7    God:    Lugonu [***...]
Gold:   174        SH:  0    Dex: 10    Spells: 3/3 levels left

rFire   . . .      SeeInvis .   a - +1 hand axe
rCold   + . .      Faith    .   (no shield)
rNeg    . . .      Spirit   +   b - +0 leather armour
rPois   .          Reflect  .   (helmet restricted)
rElec   .          Harm     .   g - +0 cloak
rCorr   .          Rampage  .   (no gloves)
Will    .....                   (no boots)
Stlth   +.........              n - amulet of guardian spirit
HPRegen 0.13/turn               l - ring of protection from cold
MPRegen 0.09/turn               (no ring)

@: no status effects
A: horns 2, retaliatory headbutt
a: Renounce Religion, Depart the Abyss, Bend Space, Banish


You were on level 3 of the Dungeon.
You worshipped Lugonu.
Lugonu was most pleased with you.
You visited 1 branch of the dungeon, and saw 3 of its levels.
You visited the Abyss 1 time.

You collected 174 gold pieces.

Inventory:

Hand Weapons
 a - a +1 hand axe (weapon)
 c - a +0 spear
 f - a +0 flail
Missiles
 i - a throwing net
Armour
 b - a +0 leather armour (worn)
 g - a +0 cloak (worn)
 u - a +0 cloak
Jewellery
 l - a ring of protection from cold (left hand)
 n - an amulet of guardian spirit (around neck)
 t - the ring "Icenogim" {EV+4 Int+4}
   (You found it on level 3 of the Dungeon)

   [ring of evasion]

   EV:        It affects your evasion (+4).
   Int:       It affects your intelligence (+4).
Wands
 v - a wand of flame (18)
Scrolls
 d - a scroll of vulnerability {unknown}
 j - a scroll of amnesia {unknown}
 s - a scroll of magic mapping {unknown}
Potions
 e - 2 potions of flight
 h - a potion of brilliance {unknown}
 k - 2 potions of berserk rage
 m - a potion of attraction
 o - a potion of magic
 p - a potion of curing {unknown}
 q - a potion of lignification {unknown}
 r - a potion of ambrosia {unknown}


   Skills:
 * Level 4.4 Fighting
 * Level 3.6 Axes
 * Level 3.5 Armour
 + Level 1.9 Dodging
 + Level 2.3 Invocations


You had 3 spell levels left.
You didn't know any spells.
Your spell library contained the following spells:

 Spells                   Type           Power      Damage    Failure   Level
 Gell's Gravitas          Tloc           0%         N/A       85%         3
 Teleport Other           Tloc           0%         N/A       85%         3
 Dispersal                Tloc           0%         N/A       100%        6


Dungeon Overview and Level Annotations

Branches:
Dungeon (3/15)

Altars:
Ashenzari
Fedhas


Innate Abilities, Weirdness & Mutations

You have a pair of horns on your head.
You reflexively headbutt those who attack you in melee.


Message History

Press: ? - help, v - describe, . - travel, g - get item
Items here: )) ÷÷.
The floor.
Items here: )) ÷÷.
Okay, then.
Items here: )) ÷÷.
Things that are here:
a +0 spear; a gnoll skeleton
Press: ? - help, v - describe, . - travel, g - get item
Items here: a +0 spear; a gnoll skeleton.
The floor.
Found a cloak.
There are no items here.
You see here 2 poisoned darts.
You see here a +0 cloak.
u - a +0 cloak
Things that are here:
a +0 flail; a gnoll skeleton
Found a hand axe.
Found a stone staircase leading up.
Found a transporter.
Found 10 gold pieces.
You see here a +0 hand axe.
Found a wand of flame (18).
Press: ? - help, v - describe, . - travel A transporter.
There is a transporter here.
You enter the transporter and appear at another place.
v - a wand of flame (18)
You open the door.
The electric eel shoots out a bolt of lightning at you!
The bolt of electricity hits you!
The electric eel shoots out a bolt of lightning at you!
The bolt of electricity hits you! x2
* * * LOW HITPOINT WARNING * * *
There is a transporter landing site here.
You can't go down here!
You can't go up here!
The electric eel shoots out a bolt of lightning at you!
The bolt of electricity hits you!
You die...

#.# ..# #.#~P~~~#.#
..# #.#~~~~~#.#
..#####. #.#~~♣~~#.#
........###.#~~SP~#.#
^...........#~...~#.#
.#..... #.#S...S#.#
.#.#.## #.###'###.#
.#.#.# #.#P..@P#.#
...#.# #.#8.©.8#.#
.....# #.#######.#
##.### # #....©.$..#
##.# #.####...##.#
...#### #.# ##..## .#
#.....###.###..## .
......#.......## ##
......#....)..#


You could see 3 electric eels.

Vanquished Creatures
  5 gnolls
  2 dart slugs
  3 bats
  3 endoplasms
  2 giant cockroaches
  6 goblins
  6 hobgoblins
  3 jackals (D:1)
  3 kobolds (D:2)
  3 quokkas
  A ball python (D:1)
  7 frilled lizards
  6 rats
50 creatures vanquished.

Notes
Turn   | Place    | Note
-------+----------+-------------------------------------------
     0 | Abyss:1  | JCM9229 the Minotaur Abyssal Knight began the quest for the
                  | Orb.
     0 | Abyss:1  | Reached XP level 1. HP: 19/19 MP: 1/1
     0 | Abyss:1  | Upgraded the game from 0.29.1-13-g9f3cf754e1 to
                  | 0.29.1-15-g9cfb28693d
    10 | D:1      | Escaped the Abyss
    88 | D:1      | Reached XP level 2. HP: 7/27 MP: 2/2
   699 | D:1      | Reached skill level 4 in Fighting
   768 | D:1      | Reached XP level 3. HP: 30/33 MP: 3/3
  1013 | D:1      | Found a faded altar of an unknown god.
  2059 | D:2      | Found a blossoming altar of Fedhas.
  2118 | D:2      | Reached *** piety under Lugonu
  2465 | D:3      | Identified the ring "Icenogim" {EV+4 Int+4}
  2487 | D:3      | Found a broken altar of Ashenzari.
  2510 | D:3      | Reached XP level 4. HP: 38/40 MP: 4/4
  2852 | D:3      | Found a transporter.
  2867 | D:3      | Killed from afar by an electric eel

Illustrated notes

Levels and vault maps discovered:
D:1:      erik_arrival_cave_to_civilisation [erik_arrival_cave_to_hall],
          layout_basic, chequers_ecumenical_altar_simple
D:2:      layout_basic, basic_altar, minmay_tetromino_o2
D:3:      gammafunk_steamed_eel, layout_loops_ring,
          mainiacjoe_overflow_concentric_impassable, minmay_circle_x

Skill      XL: |  1  2  3 |
---------------+----------+-----
Invocations    | 2 |  2.3
Fighting       | 4 |  4.4
Axes           | 3 |  3.6
Armour         | 3 |  3.5
Dodging        | |  1.9

Action                   |  1- 3 |  4- 6 || total
-------------------------+-------+-------++-------
Melee: Hand axe          |    86 |    19 ||   105
       Headbutt          |    16 |     3 ||    19
       Punch             |     1 |       ||     1
Invok: Bend Space        |     2 |       ||     2
  Use: Scroll            |     3 |       ||     3
       Potion            |     1 |       ||     1
Armor: Leather armour    |    12 |     1 ||    13
Dodge: Dodged            |    36 |    11 ||    47
